 Dungeon Crawl Stone Soup version 0.28.0-43-g3370ac3207 (console) character file.

Game seed: 4876069577939317510

24 Zeor the Shooter (level 3, -4/21 HPs)
             Began as a Tengu Hunter on Mar 13, 2022.
             Slain by Terence
             ... wielding a +0 short sword
              (6 damage)
             ... on level 2 of the Dungeon.
             The game lasted 00:02:32 (1264 turns).

Zeor the Shooter (Tengu Hunter)                     Turns: 1264, Time: 00:02:32

Health: -4/21      AC:  5    Str: 12    XL:     3   Next: 2%
Magic:  4/4        EV: 11    Int: 11    God:
Gold:   35         SH:  0    Dex: 16    Spells: 2/2 levels left

rFire   . . .      SeeInvis .   b - +0 short sword
rCold   . . .      Faith    .   (no shield)
rNeg    . . .      Spirit   .   e - +0 ring mail
rPois   .          Reflect  .   (helmet restricted)
rElec   .          Harm     .   (no cloak)
rCorr   .          Rampage  .   (no gloves)
Will    .....                   (boots unavailable)
Stlth   +.........              (no amulet)
HPRegen 0.07/turn               (no ring)
MPRegen 0.09/turn               (no ring)

@: no status effects
A: beak, talons 3
a: no special abilities


You were on level 2 of the Dungeon.
You visited 1 branch of the dungeon, and saw 2 of its levels.

You collected 35 gold pieces.

Inventory:

Hand Weapons
 a - a +1 shortbow
 b - a +0 short sword (weapon)
Missiles
 d - 55 arrows
 f - 18 bolts
Armour
 e - a +0 ring mail (worn)
Scrolls
 c - 2 scrolls of identify {unknown}


   Skills:
 * Level 2.1 Fighting
 * Level 5.1 Bows
 + Level 0.2 Armour
 * Level 2.4 Dodging
 + Level 1.0 Stealth


You had 2 spell levels left.
You didn't know any spells.
Your spell library was empty.

Dungeon Overview and Level Annotations

Branches:
Dungeon (2/15)

Altars:

Annotations:
D:2 Terence


Innate Abilities, Weirdness & Mutations

You have a beak for a mouth.
You have claws for feet.


Message History

c - 2 scrolls labelled MIOXIRISITI (gained 1)
You now have 35 gold pieces (gained 4).
Terence the Incautious comes into view.
He is wielding a +0 short sword.
Terence shouts!
You shoot an arrow. The arrow hits Terence.
Terence is lightly wounded.
b - a +0 short sword (weapon)
Terence closely misses you.
You closely miss Terence. Your kick misses Terence.
Terence is lightly wounded.
Terence hits you with a +0 short sword.
You barely miss Terence. You claw Terence.
Terence is moderately wounded.
Terence hits you with a +0 short sword.
You hit Terence but do no damage. Your kick misses Terence.
Terence is moderately wounded.
Terence hits you with a +0 short sword.
You hit Terence but do no damage.
Terence is moderately wounded.
Terence barely misses you.
You hit Terence. You claw Terence. You peck Terence, but do no damage.
Terence is heavily wounded.
Terence hits you with a +0 short sword.
You are too injured to fight recklessly!
You are too injured to fight recklessly!
You hit Terence but do no damage. You claw Terence.
Terence is severely wounded.
Terence closely misses you.
You barely miss Terence.
Terence is severely wounded.
Terence closely misses you.
You hit Terence. You claw Terence, but do no damage.
Terence is severely wounded.
Terence hits you with a +0 short sword.
* * * LOW HITPOINT WARNING * * *
Terence completely misses you.
You hit Terence. Your peck misses Terence.
Terence is almost dead.
Terence hits you with a +0 short sword.
You die...

▒▒ ∙▒ ▒∙▒ ∙▒ ▒∙▒ ∙▒
▒∙▒ ∙▒ ▒∙▒ ∙▒▒▒▒▒▒∙▒
▒∙▒ ▒
∙∙∙∙∙∙∙∙▒▒▒▒▒▒▒▒∙▒▒∙▒
∙▒▒▒▒▒▒▒▒▒∙∙∙∙(@∙∙∙∙▒
∙▒ ▒∙▒ ▒Q▒ ∙▒▒▒▒ ▒∙▒
▒▒▒∙▒ ∙∙∙∙▒ ▒∙▒ ▒∙∙∙▒
▒▒▒∙▒ ▒∙▒ ▒∙▒▒▒
▒▒▒∙▒▒▒▒▒▒∙▒▒▒∙▒▒▒
▒∙∙∙∙∙∙∙∙∙∙∙∙∙∙∙∙▒
∙∙▒∙▒▒▒▒▒▒∙▒▒▒∙▒∙▒
▒▒▒∙▒ ▒∙▒ ▒∙▒∙▒
▒∙▒▒▒▒▒▒∙▒ ▒∙∙ ∙


You could see Terence.

Vanquished Creatures
  A dart slug (D:1)
  2 bats (D:1)
  5 endoplasms
  2 goblins (D:1)
  3 hobgoblins
  5 ball pythons (D:1)
  A kobold (D:1)
  A rat (D:1)
20 creatures vanquished.

Notes
Turn   | Place    | Note
-------+----------+-------------------------------------------
     0 | D:1      | Zeor the Tengu Hunter began the quest for the Orb.
     0 | D:1      | Reached XP level 1. HP: 12/12 MP: 2/2
   327 | D:1      | Reached XP level 2. HP: 17/17 MP: 3/3
   574 | D:1      | Reached skill level 5 in Bows
  1147 | D:2      | Reached XP level 3. HP: 21/21 MP: 4/4
  1253 | D:2      | Noticed Terence
  1264 | D:2      | Slain by Terence

Illustrated notes

Levels and vault maps discovered:
D:1:      lemuel_arrival_funnel, layout_basic, nrook_mini_vaults
D:2:      layout_loops_ring, uniq_terence

Skill      XL: |  1  2 |
---------------+-------+-----
Bows           | 5 |  5.1
Fighting       | |  2.1
Armour         | |  0.2
Dodging        | |  2.4
Stealth        | |  1.0

Action                   || total
-------------------------++-------
Melee: Short sword       ||    33
       Kick              ||    11
       Peck              ||     5
 Fire: Shortbow          ||    41
Armor: Ring mail         ||    10
Dodge: Dodged            ||    14
